AoeStats
← [LCDR] Alone

Fortress

509951926Analyzed
4v4 RM · 4d ago on Sep 28, 2026· 42m 53s· 8 players
Game mode
Random Map
Map size
Huge
Population
200
Speed
Normal
Resources
Standard
Victory
Conquest
Starting age
Dark Age
Ending age
Imperial Age
RankedLock teamsTeams togetherTeam positionsShared explorationLock speedFull tech treeHidden civsTurbo modeCheats
Victory
Defeat
🇧🇷 Celts · Brazil
1691
+7
🇧🇷 Italians · Brazil
1442
+16
🇧🇷 Persians · Brazil
1366
+20
🇧🇷 Spanish · Brazil
1328
+20
🇩🇪 Poles · Germany
1462
-16
🇩🇪 Danes · Germany
1461
-16
🇩🇪 Byzantines · Germany
1457
-16
🇲🇽 Portuguese · Mexico
1439
-15
mode maelle
6:55 Feudal Age
11:25 Castle Age
9:41 Double-Bit Axe
12:43 Bow Saw
12:38 Horse Collar
18:00 Wheelbarrow
17:21 Gold Mining
17:20 Loom
20:27 Gold Shaft Mining
22:57 Imperial Age
21:07 Heavy Plow
21:39 Scale Barding Armor
23:03 Chain Barding Armor
23:14 Hand Cart
23:52 Stone Mining
24:26 Conscription
24:42 Plate Barding Armor
24:47 Husbandry
25:10 Forging
26:27 Iron Casting
26:46 Elite Cataphract
28:11 Stone Shaft Mining
28:47 Scale Mail Armor
28:09 Pikeman
28:51 Squires
29:57 Two-Man Saw
28:44 Treadmill Crane
28:43 Halberdier
29:42 Chain Mail Armor
29:52 Arson
32:28 Plate Mail Armor
34:27 Chemistry
33:48 Ballistics
33:20 Fletching
33:54 Bodkin Arrow
35:24 Arrowslits
36:01 Bombard Tower
37:44 Greek Fire
Blade
8:26 Feudal Age
8:59 Double-Bit Axe
8:56 Horse Collar
10:33 Wheelbarrow
24:53 Castle Age
23:40 Forging
23:36 Scale Barding Armor
26:06 Bow Saw
28:39 Imperial Age
26:30 Heavy Plow
26:01 Light Cavalry
26:52 Bloodlines
26:46 Husbandry
26:55 Loom
30:01 Winged Hussar
31:04 Conscription
31:30 Hand Cart
32:33 Town Watch
33:03 Gold Mining
33:34 Lechitic Legacy
34:09 Chain Barding Armor
35:23 Iron Casting
38:19 Blast Furnace
EXider
7:36 Feudal Age
11:31 Castle Age
9:33 Double-Bit Axe
10:06 Scale Mail Armor
10:29 Forging
10:09 Arson
10:31 Gold Mining
11:42 Hamask
12:26 Squires
12:44 Chain Mail Armor
13:29 Iron Casting
15:58 Loom
18:17 Fletching
18:48 Bodkin Arrow
29:21 Bow Saw
31:07 Horse Collar
31:45 Elite Skirmisher
32:59 Padded Archer Armor
34:18 Wheelbarrow
41:15 Imperial Age
Kanon
8:01 Feudal Age
11:43 Castle Age
9:37 Loom
9:58 Double-Bit Axe
10:21 Horse Collar
11:15 Gold Mining
12:58 Wheelbarrow
19:07 Heavy Plow
27:21 Imperial Age
28:55 Conscription
29:25 Hand Cart
30:15 Crop Rotation
30:00 Elite Organ Gun
35:10 Chemistry
[LCDR] Alone
7:33 Feudal Age
11:11 Castle Age
9:28 Double-Bit Axe
9:24 Horse Collar
12:11 Bow Saw
14:26 Loom
18:43 Wheelbarrow
22:50 Imperial Age
20:31 Gold Mining
21:17 Scale Mail Armor
23:47 Chain Mail Armor
23:14 Capped Ram
27:47 Heavy Scorpion
30:09 Conscription
31:04 Chemistry
30:48 Ballistics
30:40 Siege Engineers
31:54 Siege Ram
33:46 Furor Celtica
37:20 Heavy Plow
37:56 Gold Shaft Mining
40:36 Caravan
[LCDR]Zuru
7:56 Feudal Age
11:29 Castle Age
9:42 Gold Mining
10:05 Double-Bit Axe
10:29 Horse Collar
11:09 Loom
12:05 Wheelbarrow
11:15 Town Watch
25:46 Loom
27:04 Town Watch
27:54 Wheelbarrow
29:44 Bow Saw
29:35 Heavy Plow
29:52 Hand Cart
33:16 Imperial Age
31:44 Padded Archer Armor
33:00 Leather Archer Armor
33:16 Town Patrol
35:04 Bloodlines
34:54 Husbandry
35:26 Ring Archer Armor
36:07 Chemistry
35:49 Guilds
36:10 Coinage
37:01 Two-Man Saw
36:22 Elite Conquistador
36:54 Light Cavalry
39:03 Stone Mining
38:53 Cavalier
39:39 Caravan
40:09 Banking
43:35 Supremacy
43:15 Inquisition
43:43 Conscription
43:59 Hoardings
42:54 Sappers
[LCDR] ScOrPiOn II
7:44 Feudal Age
12:08 Castle Age
10:26 Double-Bit Axe
18:44 Wheelbarrow
19:14 Bow Saw
18:49 Horse Collar
24:35 Imperial Age
22:29 Gold Mining
24:17 Forging
26:01 Coinage
24:57 Cavalier
25:41 Husbandry
26:23 Scale Barding Armor
26:12 Loom
27:45 Two-Man Saw
27:19 Bloodlines
27:57 Chain Barding Armor
29:02 Iron Casting
28:53 Savar
31:02 Plate Barding Armor
32:35 Blast Furnace
37:35 Hand Cart
41:18 Town Watch
[LCDR] MATHEUS
6:49 Feudal Age
8:46 Double-Bit Axe
8:49 Loom
11:08 Castle Age
10:33 Horse Collar
12:13 Bow Saw
17:21 Loom
18:14 Wheelbarrow
17:26 Town Watch
20:18 Fletching
28:22 Gold Mining
30:47 Stone Mining
31:10 Squires
31:07 Bodkin Arrow
32:27 Stone Shaft Mining
32:24 Hand Cart
33:06 Padded Archer Armor
36:10 Imperial Age
35:03 Leather Archer Armor
35:44 Ballistics
35:21 Murder Holes
36:08 Silk Road
36:30 Scale Mail Armor
36:40 Forging
36:52 Bracer
38:04 Chemistry
37:02 Elite Genoese Crossbowman
38:28 Conscription
40:59 Ring Archer Armor
41:01 Guilds
41:22 Coinage
40:53 Caravan
Connection lost

Rejoining the realm…

Still unreachable

The connection could not be restored.

Session expired

The server has moved on; the page needs a fresh start.